 Dungeon Sprint DCSS version 0.21-a0-41-g5e91fef (webtiles) character file.

11800000 Kidiri the Conqueror (level 27, -84/273 HPs)
             Began as a Centaur Warper on June 3, 2017.
             Was the Champion of Makhleb.
             Annihilated by a destroyer
             ... wielding a +9 great sword of slicing
              (176 damage)
             ... in the Dungeon (Sprint VIII: "Arena of Blood").
             The game lasted 00:04:33 (118 turns).

Kidiri the Conqueror (Centaur Warper)                Turns: 118, Time: 00:04:34

Health: -84/273    AC:  8    Str: 16    XL:     27
Magic:  29/54      EV: 31    Int: 12    God:    Makhleb [******]
Gold:   0          SH:  0    Dex: 20    Spells: 80/80 levels left

rFire    . . .     SeeInvis +   l - +∞ Axe of Woe
rCold    . . .     Gourm    .   (shield currently unavailable)
rNeg     . . .     Faith    .   b - +0 leather armour
rPois    .         Spirit   .   (no helmet)
rElec    .         Reflect  .   (no cloak)
rCorr    .         Harm     .   (no gloves)
MR       ++...     NoTele   +   (no barding)
Stlth    +++++++++.             (no amulet)
Regen    0.6/turn               m - ring of see invisible
MPRegen  0.4/turn               (no ring)

@: very quick
A: hooves 3, deformed body, speed 2, tough skin 3
a: Minor Destruction, Lesser Servant of Makhleb, Major Destruction, Greater
Servant of Makhleb, Renounce Religion


You were in the Dungeon.
You worshipped Makhleb.
Makhleb was exalted by your worship.
You were not hungry.

You visited 1 branch

Inventory:

Hand Weapons
 a - a +0 hand axe
 l - the +∞ Axe of Woe (weapon)
   (You found it in the Dungeon)
Missiles
 e - 5 tomahawks of dispersal (quivered)
Armour
 b - a +0 leather armour (worn)
Jewellery
 m - a ring of see invisible (left hand)
Scrolls
 d - 2 scrolls of blinking
Potions
 g - a potion of curing
 i - a potion of haste
 j - 2 potions of magic
 k - a potion of berserk rage
Books
 c - a book of Spatial Translocations

   Spells                             Type                      Level
   a - Blink                          Translocation                2
   b - Shroud of Golubria             Charms/Translocation         2
   c - Lesser Beckoning               Translocation                3
   d - Gell's Gravitas                Translocation                3
   e - Teleport Other                 Translocation                3
   f - Passage of Golubria            Translocation                4
Comestibles
 f - a bread ration


   Skills:
 O Level 27 Fighting
 O Level 27 Axes
 O Level 27 Throwing
 O Level 27 Armour
 O Level 27 Dodging
 O Level 27 Stealth
 O Level 27 Unarmed Combat
 O Level 27 Spellcasting
   Level 2.6 Translocations
 O Level 27 Invocations


You had 80 spell levels left.
You didn't know any spells.

Dungeon Overview and Level Annotations

Branches:
Dungeon (1/1)

Altars:
Makhleb


Innate Abilities, Weirdness & Mutations

You have hooves in place of feet.
Armour fits poorly on your strangely shaped body.
You cover ground very quickly.
You have extremely tough skin. (AC +3)


Message History

You kill the bag of meat!
Makhleb accepts your kill.
You feel better.
You hear a shout! x2
The eight-headed meat hydra calls on the powers of darkness!
The eight-headed meat hydra convulses!
Your body is wracked with pain!
The bag of meat convulses!
You hear a shout!
The destroyer blinks!
You hear a shout! x2
A hydra, an orc and a wraith come into view.
You hear a shout! x3
The wretched soul breathes negative energy at you.
The bolt of negative energy hits the destroyer.
The destroyer completely resists.
The bolt of negative energy misses you.
You hear a shout! x2
The bag of meat moves out of view.
The destroyer hits you with a +9 great sword of slicing!!!!!
Ouch! That really hurt!
You die...

########## ####.........
####...%...)....
####...)..†.).##.##
####..)))....).)))))..
#....@)GD.####.).%.##.
.W.....LVo.#W.......)...
.........W..#..%...).).#
............#......D))..
.......###§..#......D.).
.....## .....#...%.))))
....# ..........))))
...O .D......).)§.
.....#))...


You could see a tyrant, 2 eight-headed meat hydras, a destroyer, an observer
(invisible), a wretched soul (invisible), 2 dreads, a meat berserker (berserk)
and a bag of meat.

Vanquished Creatures
  6 hell beasts (D)
  4 greater mummies (D)
  A great orb of eyes (D)
  A wraith (D)
  8 vampire knights (D)
  26 ogres (D)
  6 two-headed ogres (D)
  4 hydras (D)
  48 orcs (D)
  A phantom (D)
  A skeletal warrior (D)
  A sea snake (D)
107 creatures vanquished.

Notes
Turn   | Place    | Note
-------+----------+-------------------------------------------
     0 | D        | Kidiri the Centaur Warper began the quest for the Orb.
     0 | D        | Reached XP level 1. HP: 17/17 MP: 3/3
     3 | D        | Noticed a meat berserker
     3 | D        | Noticed a meat berserker
     4 | D        | Became a worshipper of Makhleb the Destroyer
     5 | D        | Noticed a meat berserker
     6 | D        | Killed a meat berserker
     6 | D        | Reached XP level 2. HP: 49/49 MP: 3/12
     6 | D        | Reached XP level 3. HP: 56/56 MP: 3/13
     6 | D        | Reached XP level 4. HP: 63/63 MP: 3/15
     6 | D        | Reached XP level 5. HP: 70/70 MP: 3/16
     6 | D        | Reached XP level 6. HP: 78/78 MP: 3/18
     6 | D        | Reached XP level 7. HP: 85/85 MP: 3/19
     6 | D        | Reached XP level 8. HP: 93/93 MP: 3/21
     6 | D        | Reached XP level 9. HP: 100/100 MP: 3/22
     6 | D        | Reached XP level 10. HP: 107/107 MP: 3/23
     6 | D        | Reached XP level 11. HP: 114/114 MP: 3/24
     6 | D        | Reached XP level 12. HP: 122/122 MP: 3/25
     6 | D        | Reached XP level 13. HP: 128/128 MP: 3/26
     7 | D        | Killed a meat berserker
     7 | D        | Reached * piety under Makhleb
     7 | D        | Reached skill level 10 in Armour
     7 | D        | Reached XP level 14. HP: 85/144 MP: 3/29
     7 | D        | Killed a meat berserker
     7 | D        | Reached XP level 15. HP: 91/155 MP: 3/31
    10 | D        | Reached ** piety under Makhleb
    12 | D        | Reached XP level 16. HP: 170/170 MP: 4/33
    13 | D        | Noticed a meat berserker
    14 | D        | Noticed a meat berserker
    14 | D        | Reached *** piety under Makhleb
    14 | D        | Reached XP level 17. HP: 183/183 MP: 4/35
    15 | D        | Noticed a meat berserker
    16 | D        | Reached skill level 15 in Armour
    16 | D        | Reached skill level 15 in Spellcasting
    17 | D        | Noticed a large bag of meat
    19 | D        | Noticed a meat berserker
    19 | D        | Killed a meat berserker
    19 | D        | Reached **** piety under Makhleb
    19 | D        | Reached XP level 18. HP: 199/199 MP: 5/38
    20 | D        | Noticed a meat berserker
    20 | D        | Reached skill level 27 in Fighting
    21 | D        | Noticed a large bag of meat
    21 | D        | Killed a meat berserker
    21 | D        | Reached skill level 27 in Axes
    21 | D        | Reached XP level 19. HP: 207/207 MP: 6/40
    21 | D        | Killed a meat berserker
    21 | D        | Reached ***** piety under Makhleb
    24 | D        | Noticed a meat berserker
    24 | D        | Reached skill level 27 in Throwing
    24 | D        | Reached skill level 27 in Dodging
    24 | D        | Reached XP level 20. HP: 216/216 MP: 6/45
    24 | D        | Killed a large bag of meat
    24 | D        | Killed a meat berserker
    24 | D        | Reached ****** piety under Makhleb
    24 | D        | Reached XP level 21. HP: 224/224 MP: 6/51
    25 | D        | Noticed a destroyer
    26 | D        | Noticed a large bag of meat
    26 | D        | Reached skill level 27 in Armour
    26 | D        | Reached skill level 27 in Spellcasting
    26 | D        | Reached skill level 15 in Unarmed Combat
    26 | D        | Killed a large bag of meat
    26 | D        | Reached XP level 22. HP: 213/233 MP: 7/53
    27 | D        | Reached skill level 15 in Stealth
    28 | D        | Noticed a large bag of meat
    28 | D        | Killed a destroyer
    28 | D        | Reached skill level 27 in Invocations
    28 | D        | Reached XP level 23. HP: 240/240 MP: 7/54
    29 | D        | Reached skill level 27 in Unarmed Combat
    30 | D        | Noticed a destroyer
    30 | D        | Noticed a large bag of meat
    32 | D        | Noticed a large bag of meat
    32 | D        | Reached skill level 27 in Stealth
    32 | D        | Reached XP level 24. HP: 249/249 MP: 8/54
    35 | D        | Killed a large bag of meat
    36 | D        | Killed a destroyer
    36 | D        | Reached XP level 25. HP: 257/257 MP: 9/54
    36 | D        | Killed a large bag of meat
    37 | D        | Noticed a destroyer
    38 | D        | Killed a large bag of meat
    39 | D        | Killed a large bag of meat
    41 | D        | Reached XP level 26. HP: 266/266 MP: 10/54
    43 | D        | Noticed a destroyer
    46 | D        | Noticed an accursed
    46 | D        | Killed a destroyer
    47 | D        | Noticed a destroyer
    50 | D        | Killed an accursed
    50 | D        | Reached XP level 27. HP: 273/273 MP: 13/54
    53 | D        | Killed a destroyer
    54 | D        | Noticed a destroyer
    55 | D        | Noticed a destroyer
    55 | D        | Noticed an accursed
    56 | D        | Killed a destroyer
    57 | D        | Killed a destroyer
    60 | D        | Noticed an accursed
    61 | D        | Noticed an accursed
    67 | D        | Killed an accursed
    69 | D        | Noticed a meat beast
    70 | D        | Noticed a meat beast
    73 | D        | Noticed a meat beast
    73 | D        | Killed a meat beast
    74 | D        | Killed a meat beast
    78 | D        | Killed a meat beast
    80 | D        | Killed an accursed
    82 | D        | Killed an accursed
    84 | D        | Killed a destroyer
    85 | D        | Noticed a meat beast
    87 | D        | Noticed a large bag of meat
    88 | D        | Noticed a meat beast
    91 | D        | Killed a meat beast
    92 | D        | Killed a meat beast
    96 | D        | Noticed a destroyer
    98 | D        | Killed a destroyer
   105 | D        | Noticed a dread
   106 | D        | Noticed a dread
   109 | D        | Noticed a meat beast
   113 | D        | Noticed a tyrant
   113 | D        | Killed a meat beast
   116 | D        | Noticed a destroyer
   116 | D        | Killed a dread
   118 | D        | Noticed a dread
   118 | D        | Annihilated by a destroyer

Vault maps used:
D:        meatsprint

Skill      XL: |  1  2  3  4  5  6  7  8  9 10 11 12 13 14 15 16 17 18 19 20 21 22 23 |
---------------+----------------------------------------------------------------------+-----
Fighting       | 16 18 20 22 24 26 27 | 27.0
Axes           | 14 17 18 21 22 24 27 | 27.0
Throwing       | 12 14 16 18 19 21 23 27 | 27.0
Armour         | 9 10 12 13 14 16 17 21 26 27 | 27.0
Dodging        | 12 14 16 18 19 21 23 27 | 27.0
Spellcasting   | 9 11 12 13 14 16 17 21 26 27 | 27.0
Stealth        | 14 19 27 | 27.0
Unarmed Combat | 18 25 27 | 27.0
Invocations    | 20 27 | 27.0
Translocations | |  2.6

Action                   |  1- 3 |  4- 6 |  7- 9 | 10-12 | 13-15 | 16-18 | 19-21 | 22-24 | 25-27 || total
-------------------------+-------+-------+-------+-------+-------+-------+-------+-------+-------++-------
Melee: Executioner's axe |     1 |       |       |       |     4 |     6 |     3 |    10 |    44 ||    68
  Use: Potion            |       |       |       |       |       |       |       |       |     1 ||     1
 Stab: Distracted        |       |       |       |       |       |       |       |       |     1 ||     1
Armor: Leather armour    |       |       |       |       |       |       |       |       |     2 ||     2
Dodge: Dodged            |       |       |       |       |       |       |       |       |    10 ||    10
